 Dungeon Crawl Stone Soup version 0.32-a0-891-gc41d80381e (webtiles) character file.

Game seed: 18296592962953209630

308 Amplified the Twirler (level 6, -1/46 HPs)
             Began as a Demonspawn Wanderer on Apr 3, 2024.
             Slain by Pikel
             ... wielding a +2 whip of freezing
              (8 damage)
             ... on level 4 of the Dungeon.
             The game lasted 00:04:37 (2763 turns).

Amplified the Twirler (Demonspawn Wanderer)         Turns: 2763, Time: 00:04:37

Health: -1/46      AC: 10    Str: 14    XL:     6   Next: 17%
Magic:  7/7        EV:  9    Int: 12    God:
Gold:   159        SH:  0    Dex: 15    Spells: 6/7 levels left

rFire   . . .        j - +3 hand axe (venom)
rCold   . . .        (no shield)
rNeg    . . .        m - +4 ring mail
rPois   .            (no helmet)
rElec   .            (no cloak)
rCorr   .            c - +0 pair of gloves
SInv    .            (no boots)
Will    .....        (no amulet)
Stlth   ++           (no ring)
HPRegen 0.27/turn    (no ring)
MPRegen 0.20/turn

%: no passive effects
@: studying Shields
A: thin skeletal structure 1, magic regeneration, demonic touch 2
a: no special abilities


You were on level 4 of the Dungeon.
You visited 1 branch of the dungeon, and saw 4 of its levels.

You collected 159 gold pieces.

Inventory:

Hand Weapons
 j - a +3 hand axe of venom (weapon)
Armour
 c - a +0 pair of gloves (worn)
 m - a +4 ring mail (worn)
Talismans
 a - a flux talisman
 i - a maw talisman
Wands
 b - a wand of flame (4)
Potions
 f - 2 potions of degeneration
 k - a potion of attraction


   Skills:
 + Level 2.6 Fighting
 * Level 2.5 Axes
 - Level 3.1 Staves
 - Level 1.0 Dodging
 * Level 0.0 Shields
 - Level 1.0 Spellcasting
 - Level 3.0 Summonings
 - Level 3.0 Evocations
 * Level 2.6 Shapeshifting


You had 6 spell levels left.
You knew the following spells:

 Your Spells              Type           Power      Damage    Failure   Level
a - Summon Small Mammal   Summ           28%        N/A       19%         1

Your spell library contained the following spells:

 Spells                   Type           Power      Damage    Failure   Level
 Call Imp                 Summ           14%        N/A       26%         2
 Summon Ice Beast         Ice/Summ       4%         N/A       69%         3


Dungeon Overview and Level Annotations

Branches:
Dungeon (4/15)
 Temple: D:4-7

Altars:

Shops:
D:1 (

Portals:
Abyss: D:3

Annotations:
D:3 2 transporters, P0WERM0DE's ghost, amateur CoCK
D:4 Pikel


Innate Abilities, Weirdness & Mutations

You have a somewhat thin skeletal structure. (Dex +2, Stealth+)
You regenerate magic rapidly.
Your touch may inflict irresistible damage on your foes.


Message History

You aren't carrying any scrolls.
Unknown command.
Okay, then.
You aren't carrying any scrolls.
Unknown command.
You aren't carrying any scrolls.
Unknown command.
You aren't carrying any scrolls.
Unknown command.
Okay, then.
Okay, then.
Sorry, you're not good enough to have a special ability.
Unknown command.
Okay, then.
Unknown command.
You barely miss Pikel.
Pikel is moderately wounded.
You hit the lemure. The lemure hits you but does no damage.
Pikel hits you with a +2 whip of freezing.
Pikel freezes you.
Unknown command.
You closely miss Pikel.
You touch Pikel!
Pikel is heavily wounded.
You hit the lemure.
The lemure is poisoned.
Pikel barely misses you. The lemure hits you.
* * * LOW HITPOINT WARNING * * *
Unknown command.
Unknown command.
You closely miss Pikel.
You touch Pikel!
Pikel is severely wounded.
You hit the lemure but do no damage.
The lemure looks as sick as possible!
Pikel hits you but does no damage. The lemure hits you.
* * * LOW HITPOINT WARNING * * *
Unknown command.
You closely miss Pikel.
Pikel is severely wounded.
You hit the lemure.
The lemure looks as sick as possible!
Pikel hits you with a +2 whip of freezing!
You die...
Pikel says, "See you in Hell!"

# #. ##.# #5. #55 #5#
########## #K#
.........# #@#
#.######.# #5# #.#
#.######(#######§#.....
#.......([.......§.#
.#######.........#.#
†## ###########... #†#
##. ..# # #.#


You could see Pikel and 4 lemures.

Vanquished Creatures
  4 killer bees (D:4)
  2 orc wizards (D:3)
  2 gnolls (D:2)
  An adder (D:3)
  3 dart slugs (D:2)
  3 orcs (D:3)
  5 endoplasms
  3 giant cockroaches
  2 goblins
  5 hobgoblins
  3 kobolds
  5 quokkas
  7 ball pythons
  A bat (D:3)
  7 frilled lizards
  5 rats
58 creatures vanquished.

Notes
Turn   | Place    | Note
-------+----------+-------------------------------------------
     0 | D:1      | Amplified the Demonspawn Wanderer began the quest for the
                  | Orb.
     0 | D:1      | Amplified set off with the following items: a +0
                  | quarterstaff, a wand of flame (5), a potion of berserk
                  | rage, a +0 robe; and the following spell memorised: Summon
                  | Small Mammal; and the following spells available to
                  | memorise: Call Imp, Summon Ice Beast.
     0 | D:1      | Reached XP level 1. HP: 13/13 MP: 2/2
   101 | D:1      | Found Onufuic's Weapon Emporium.
   377 | D:1      | Gained mutation: Your touch may inflict minor irresistible
                  | damage on your foes. [demonic ancestry]
   377 | D:1      | Reached XP level 2. HP: 18/20 MP: 3/3
   577 | D:1      | Reached skill level 1 in Fighting
  1004 | D:2      | Gained mutation: Your touch may inflict irresistible damage
                  | on your foes. [demonic ancestry]
  1004 | D:2      | Reached XP level 3. HP: 17/26 MP: 4/4
  1699 | D:3      | Found a transporter.
  1725 | D:3      | Reached skill level 1 in Shapeshifting
  1725 | D:3      | Gained mutation: You regenerate magic rapidly. [demonic
                  | ancestry]
  1725 | D:3      | Reached XP level 4. HP: 19/33 MP: 5/5
  1857 | D:3      | Reached skill level 1 in Axes
  1934 | D:3      | Found a faded altar of an unknown god.
  2024 | D:3      | Found a one-way gate to the infinite horrors of the Abyss.
  2087 | D:3      | Noticed P0WERM0DE's ghost (amateur CoCK)
  2099 | D:3      | Found a transporter.
  2394 | D:4      | Gained mutation: You have a somewhat thin skeletal
                  | structure. (Dex +2, Stealth+) [demonic ancestry]
  2394 | D:4      | Reached XP level 5. HP: 38/38 MP: 6/6
  2568 | D:4      | Reached XP level 6. HP: 19/46 MP: 7/7
  2715 | D:4      | Identified a scroll of acquirement
  2715 | D:4      | Acquired a manual of Shields
  2752 | D:4      | Noticed Pikel
  2763 | D:4      | Slain by Pikel

Illustrated notes

Levels and vault maps discovered:
D:1:      heliophobic_arrival_ceremonial_halls, layout_basic, serial_shops,
          shop, supply_closet_lemuel, hangedman_decor_growths
D:2:      layout_loops_ring, chequers_serial_rivers_micro_b
D:3:      layout_rooms, gammafunk_ghost_abyssal_escape,
          chequers_ecumenical_altar_lobes, minivault_27, st_stairs_13
D:4:      layout_loops_ring, uniq_pikel

Skill      XL: |  1  2  3  4  5 |
---------------+----------------+-----
Staves         | 2 3 |  3.1
Fighting       | 1 2 |  2.6
Shapeshifting  | 1 2 |  2.6
Axes           | 1 2 |  2.5
Dodging        | |  1.0
Spellcasting   | |  1.0
Summonings     | |  3.0
Evocations     | |  3.0

Action                     |  1- 3 |  4- 6 || total
---------------------------+-------+-------++-------
  Melee: Quarterstaff      |    96 |       ||    96
         Hand axe          |     7 |    40 ||    47
         Touch             |     1 |     8 ||     9
  Evoke: Wand              |     1 |       ||     1
    Use: Potion            |     3 |     4 ||     7
         Scroll            |       |     8 ||     8
   Stab: Sleeping          |     2 |       ||     2
 Armour: Robe              |    57 |     4 ||    61
         Ring mail         |       |    33 ||    33
  Dodge: Dodged            |    56 |    14 ||    70

Table legend: (Time is in decaauts)
 A = Elapsed time spent in this place.
 B = Non-inter-level travel time spent in this place.
 C = Inter-level travel time spent in this place.
 D = Time resting spent in this place.
 E = Time spent auto-exploring this place.
 F = Levels seen in this place.
 G = Mean time per level.
                   A        B        C        D        E       F      G
               +--------+--------+--------+--------+--------+-----+--------+
         Total |   2781 |   2738 |     43 |    418 |   1832 |   4 |  695.2 |
       Dungeon |   2781 |   2738 |     43 |    418 |   1832 |   4 |  695.2 |
               +--------+--------+--------+--------+--------+-----+--------+

Top non-repeatable levels by time:
     D:1: 908 daAuts
     D:2: 766 daAuts
     D:3: 745 daAuts
     D:4: 360 daAuts
